AoeStats
← lesadel2021

Arena

509737719Analyzed
1v1 RM · 5d ago on Sep 27, 2026· 42m 5s· 2 players
Game mode
Random Map
Map size
Tiny (2 player)
Population
200
Speed
Normal
Resources
Standard
Victory
Conquest
Starting age
Dark Age
Ending age
Imperial Age
RankedLock teamsTeams togetherTeam positionsShared explorationLock speedFull tech treeHidden civsTurbo modeCheats
Victory
Defeat
🇺🇸 Danes · United States
731
+16
🇦🇷 Sicilians · Argentina
723
-38
lesadel2021
12:03 Feudal Age
17:11 Castle Age
22:12 Gold Mining
22:11 Double-Bit Axe
22:09 Horse Collar
23:41 Loom
24:32 Wheelbarrow
23:43 Town Watch
25:05 Heavy Plow
27:30 Forging
27:20 Scale Mail Armor
27:43 Hand Cart
27:28 Town Patrol
27:34 Town Patrol
32:39 Imperial Age
32:14 Pikeman
HJ2016AOE
14:42 Feudal Age
20:11 Castle Age
18:46 Double-Bit Axe
18:44 Horse Collar
18:59 Stone Mining
19:03 Gold Mining
20:26 Loom
21:07 Bow Saw
21:09 Squires
22:29 Forging
22:10 Fletching
22:22 Arson
23:58 Iron Casting
23:25 Scale Mail Armor
25:30 Heavy Plow
29:59 Gold Shaft Mining
30:01 Stone Shaft Mining
29:38 Hamask
32:38 Chain Mail Armor
32:20 Bodkin Arrow
33:11 Padded Archer Armor
34:00 Wheelbarrow
33:11 Town Watch
40:03 Imperial Age
37:31 Elite Skirmisher
38:17 Thumb Ring
39:58 Leather Archer Armor
41:37 Ballistics
42:46 Plate Mail Armor
Connection lost

Rejoining the realm…

Still unreachable

The connection could not be restored.

Session expired

The server has moved on; the page needs a fresh start.